 Dungeon Crawl Stone Soup version 0.29.0-13-gc9e81de378 (webtiles) character file.

Game seed: 5426248629631062446

875 Artool the Ducker (level 7, 0/55 HPs)
             Began as a Demonspawn Gladiator on Sept 8, 2022.
             Slain by a lemure (2 damage)
             ... led by Pikel
             ... on level 5 of the Dungeon.
             The game lasted 00:11:12 (5283 turns).

Artool the Ducker (Demonspawn Gladiator)            Turns: 5283, Time: 00:11:13

Health: 0/55       AC:  5    Str: 16    XL:     7   Next: 74%
Magic:  7/7        EV: 13    Int:  9    God:
Gold:   279        SH:  0    Dex: 15    Spells: 6/6 levels left

rFire   . . .      SeeInvis .   j - +0 whip
rCold   . . .      Faith    .   (no shield)
rNeg    . . .      Spirit   .   b - +0 leather armour
rPois   .          Reflect  .   c - +0 helmet
rElec   .          Harm     .   (no cloak)
rCorr   .          Rampage  .   v - +0 pair of gloves
Will    .....                   (no boots)
Stlth   +.........              (no amulet)
HPRegen 0.18/turn               h - +4 ring of slaying
MPRegen 0.10/turn               (no ring)

@: no status effects
A: foul stench 1, powered by pain 3, demonic touch 1
a: no special abilities


You were on level 5 of the Dungeon.
You visited 2 branches of the dungeon, and saw 7 of its levels.

You collected 279 gold pieces.

Inventory:

Hand Weapons
 a - a +0 flail
 j - a +0 whip (weapon)
Missiles
 d - 3 throwing nets (quivered)
 e - a javelin
 o - 12 poisoned darts
Armour
 b - a +0 leather armour (worn)
 c - a +0 helmet (worn)
 p - an orb of guile
 v - a +0 pair of gloves (worn)
Jewellery
 h - a +4 ring of slaying (left hand)
Wands
 A - a wand of flame (27)
Scrolls
 f - a scroll of noise {unknown}
 i - 5 scrolls of identify {unknown}
 k - a scroll of torment {unknown}
 n - 4 scrolls of teleportation {unknown}
 y - a scroll of fear {unknown}
 z - a scroll of vulnerability {unknown}
 C - a scroll of brand weapon {unknown}
 D - a scroll of enchant armour {unknown}
 E - a scroll of blinking {unknown}
Potions
 g - a potion of haste {unknown}
 l - 2 potions of ambrosia {unknown}
 m - 2 potions of brilliance {unknown}
 q - a potion of berserk rage {unknown}
 r - 2 potions of lignification {unknown}
 s - a potion of resistance
 t - 4 potions of curing {unknown}
 u - 3 potions of degeneration {unknown}
 w - a potion of invisibility {unknown}
 x - a potion of heal wounds {unknown}
 B - a potion of mutation {unknown}


   Skills:
 + Level 4.7 Fighting
 + Level 4.7 Maces & Flails
 - Level 1.7 Throwing
 + Level 3.8 Armour
 + Level 4.8 Dodging


You had 6 spell levels left.
You didn't know any spells.
Your spell library contained the following spells:

 Spells                   Type           Power      Damage    Failure   Level
 Magic Dart               Conj           0%         1d3       43%         1
 Searing Ray              Conj           0%         2d4       58%         2
 Call Canine Familiar     Summ           0%         N/A       82%         3
 Portal Projectile        Hex/Tloc       0%         N/A       82%         3
 Fulminant Prism          Conj/Hex       0%         3d6       99%         4
 Leda's Liquefaction      Hex/Erth       0%         N/A       99%         4


Dungeon Overview and Level Annotations

Branches:
Dungeon (6/15)             Temple (1/1) D:4

Altars:
Cheibriados
Dithmenos
Fedhas
Gozag
Kikubaaqudgha
Makhleb
Nemelex Xobeh
Okawaru
Qazlal
Ru
Sif Muna
Trog
Uskayaw
Vehumet
Xom

Shops:
D:5 ===

Annotations:
D:5 Pikel


Innate Abilities, Weirdness & Mutations

You may rarely emit foul miasma when damaged in melee.
You are powered by pain.
Your touch may inflict minor irresistible damage on your foes.


Message History

You destroy the necrophage!
Your life force feels restored.
You start resting.
HP restored.
You climb downwards.
Level annotation: Pikel An adder comes into view.
The lemure hits you. The lemure barely misses you. Pikel barely misses you.
There is a stone staircase leading up, spattered with blood here.
The lemure hits you but does no damage.
The gnoll hits you from afar with a +0 spear.
Pikel hits you with a +1 whip of freezing.
Pikel freezes you. The lemure hits you!
You climb upwards.
There is a stone staircase leading down, spattered with blood here.
You hit Pikel. You punch Pikel.
Pikel is lightly wounded.
The lemure hits you!
Pikel hits you with a +1 whip of freezing.
Pikel freezes you. The lemure hits you.
You hit Pikel.
Pikel is lightly wounded.
The lemure hits you but does no damage.
Pikel hits you with a +1 whip of freezing!
* * * LOW HITPOINT WARNING * * *
Pikel freezes you.
* * * LOW HITPOINT WARNING * * *
The lemure hits you but does no damage.
You closely miss Pikel.
Pikel is lightly wounded.
The lemure misses you.
Pikel hits you with a +1 whip of freezing.
* * * LOW HITPOINT WARNING * * *
Pikel freezes you.
* * * LOW HITPOINT WARNING * * *
You emit a cloud of foul miasma!
The lemure hits you but does no damage.
You hit Pikel.
Pikel is lightly wounded.
The lemure hits you.
You die...

......#### #.###.....####..#
.).......# ### #.....###.##....#
......######.# #.#######.##....##
<..........#.###.................
#...#..##......................##
#...#........#(#...............##
#...#..........#..###.#.#..##..#.
...##..##....###5.# #......##..##
...##........###@K###..........##
..###...........5................
..# #...##........#####........#.
.## ######...###........##.##.#..
## #...# #..##.#..##.##.... #
######...###..#..............
#..............###.(##.######
######...........#..##.# #
#........###.#...#..##.# ##


You could see Pikel and 2 lemures.

Vanquished Creatures
  2 ogres
  A centaur (D:4)
  A lemure (D:5)
  2 necrophages (D:5)
  2 scorpions (D:5)
  A gnoll bouda (D:4)
  An orc priest (D:3)
  Jessica (D:3)
  Terence (D:3)
  3 iguanas
  7 gnolls
  3 adders
  6 dart slugs
  8 orcs (D:3)
  6 endoplasms
  9 giant cockroaches
  4 hobgoblins
  6 jackals
  2 quokkas
  6 ball pythons
  4 bats
  2 frilled lizards
  11 goblins
  10 kobolds
  2 rats (D:1)
101 creatures vanquished.

Notes
Turn   | Place    | Note
-------+----------+-------------------------------------------
     0 | D:1      | Artool the Demonspawn Gladiator began the quest for the
                  | Orb.
     0 | D:1      | Reached XP level 1. HP: 16/16 MP: 1/1
   244 | D:1      | Gained mutation: Your touch may inflict minor irresistible
                  | damage on your foes. [demonic ancestry]
   244 | D:1      | Reached XP level 2. HP: 15/22 MP: 2/2
   608 | D:1      | Reached skill level 1 in Armour
   608 | D:1      | Reached XP level 3. HP: 28/28 MP: 3/3
   635 | D:1      | Found a faded altar of an unknown god.
  2173 | D:2      | Gained mutation: You sometimes gain a little power by
                  | taking damage. [demonic ancestry]
  2173 | D:2      | Reached XP level 4. HP: 27/34 MP: 4/4
  2341 | D:3      | Noticed Terence
  2352 | D:3      | Killed Terence
  2497 | D:3      | Gained mutation: You may rarely emit foul miasma when
                  | damaged in melee. [demonic ancestry]
  2497 | D:3      | Reached XP level 5. HP: 41/41 MP: 5/5
  2540 | D:3      | Found a sparkling altar of Nemelex Xobeh.
  2819 | D:3      | Noticed Jessica
  2855 | D:3      | Killed Jessica
  3177 | D:3      | Found a shimmering altar of Xom.
  3179 | D:3      | Found a bloodstained altar of Trog.
  3200 | D:3      | Gained mutation: You sometimes gain power by taking damage.
                  | [demonic ancestry]
  3200 | D:3      | Reached XP level 6. HP: 35/47 MP: 6/6
  3386 | D:4      | Found a staircase to the Ecumenical Temple.
  3417 | Temple   | Entered the Ecumenical Temple
  4136 | D:5      | Entered Level 5 of the Dungeon
  4146 | D:5      | Gained mutation: You are powered by pain. [demonic
                  | ancestry]
  4146 | D:5      | Reached XP level 7. HP: 40/54 MP: 7/7
  4478 | D:5      | Found Ralus's Jewellery Boutique.
  4532 | D:5      | Found Sumiudgh's Jewellery Shop.
  4560 | D:5      | Found Torex's Jewellery Boutique.
  5133 | D:6      | Noticed Pikel
  5282 | D:5      | HP: 2/55 [Pikel/+1 whip of freezing (2)]
  5283 | D:5      | Slain by a lemure

Illustrated notes

Levels and vault maps discovered:
D:1:      minmay_arrival_up_and_down, layout_basic,
          shapermc_ecumenical_altar_starsandcircs
D:2:      layout_loops_corners
D:3:      layout_rooms, nicolae_overflow_hidden_temple,
          nemelex_spade_bored_becter, uniq_terence, uniq_jessica
D:4:      layout_rooms, temple_pool_b
D:5:      layout_basic, serial_shops, nicolae_shop_trees,
          nicolae_shop_statue_plus, nicolae_shop_crystal, serial_curves,
          eino_curves_04, eino_curves_02, eino_curves_01
D:6:      layout_basic, tso_altar, nicolae_ashenzari_skybound, uniq_pikel
Temple:   jpeg_temple_clearing

Skill      XL: |  1  2  3  4  5  6 |
---------------+-------------------+-----
Maces & Flails | 3 4 |  4.7
Armour         | 1 2 3 |  3.8
Dodging        | 3 4 |  4.8
Fighting       | 3 4 |  4.7
Throwing       | |  1.7

Action                   |  1- 3 |  4- 6 |  7- 9 || total
-------------------------+-------+-------+-------++-------
Melee: Flail             |    39 |       |       ||    39
       Touch             |     8 |    28 |     7 ||    43
       Whip              |    49 |   107 |    44 ||   200
       Punch             |       |       |     3 ||     3
 Stab: Sleeping          |     1 |     1 |       ||     2
       Distracted        |       |     1 |       ||     1
Armor: Leather armour    |    30 |    26 |    12 ||    68
Dodge: Dodged            |    56 |    63 |    31 ||   150
